 Dungeon Crawl Stone Soup version 0.17-a0-1900-g45e8110 (webtiles) character file.

1937 Ijustatesigmund the Slinger (level 9, 0/58 HPs)
             Began as a Halfling Hunter on Sept 24, 2015.
             Was an Initiate of Dithmenos.
             Succumbed to a killer bee's poison
             ... on level 7 of the Dungeon.
             The game lasted 00:17:02 (6738 turns).

Ijustatesigmund the Slinger (Halfling Hunter)       Turns: 6738, Time: 00:17:02

Health: 0/58       AC:  7    Str: 12    XL:     9   Next: 40%
Magic:  9/9        EV: 17    Int: 10    God:    Dithmenos [......]
Gold:   397        SH:  0    Dex: 18    Spells: 0 memorised, 8 levels left

rFire  . . .     SeeInvis .     a - +2 hunting sling
rCold  + . .     Clarity  .     u - +1 leather armour {rC+}
rNeg   . . .     SustAt   .     (shield restricted)
rPois  .         Gourm    .     y - +0 helmet
rElec  .         Spirit   .     i - +1 cloak
rCorr  .         Warding  .     (no gloves)
rMut   .         Stasis   .     (no boots)
MR     +....                    (no amulet)
Stlth  ++++......               d - ring of invisibility
                                t - ring of protection from magic

@: lethally poisoned (0 -> -26), marked, somewhat resistant to hostile
enchantments, stealthy
A: mutation resistance 1
a: Renounce Religion, Evoke Invisibility


You were on level 7 of the Dungeon.
You worshipped Dithmenos.
Dithmenos was noncommittal.
You were not hungry.

You visited 2 branches of the dungeon, and saw 8 of its levels.

You collected 397 gold pieces.

Inventory:

Hand weapons
 a - a +2 hunting sling (weapon)
 b - a +0 dagger of venom
 c - a +0 short sword
Missiles
 f - 139 stones (quivered)
 v - 18 exploding sling bullets
Armour
 i - a +1 cloak (worn)
 u - a +1 leather armour of cold resistance (worn)
 y - a +0 helmet (worn)
Jewellery
 d - a ring of invisibility (right hand)
 t - a ring of protection from magic (left hand)
Scrolls
 m - 9 scrolls of remove curse
 q - a scroll of magic mapping
Potions
 g - a potion of cure mutation
 j - a potion of might
 r - 3 potions of brilliance
 s - 2 potions of mutation
Books
 l - a book of the Dragon

   Spells                             Type                      Level
   a - Flame Tongue                   Conjuration/Fire             1
   b - Cause Fear                     Hexes                        4
   c - Bolt of Fire                   Conjuration/Fire             6
   d - Dragon Form                    Transmutation                7
   e - Dragon's Call                  Summoning                    9
Comestibles
 e - 5 bread rations
 h - 2 chunks of flesh
 k - a slice of pizza
 n - 2 meat rations
 p - 2 beef jerkies
 x - 13 fruits


   Skills:
 + Level 4.0 Fighting
 - Level 7.2 Short Blades
 - Level 10.1 Slings
 + Level 5.0 Dodging
 - Level 7.0 Stealth
 + Level 0.9 Invocations


You had 8 spell levels left.
You didn't know any spells.

Dungeon Overview and Level Annotations

Branches:
Dungeon (7/15)             Temple (1/1) D:4

Altars:
Ashenzari
Cheibriados
Dithmenos
Fedhas
Gozag
Kikubaaqudgha
Makhleb
Qazlal
Ru
Sif Muna
Trog
Vehumet
Xom
Yredelemnul
Zin
The Shining One


Innate Abilities, Weirdness & Mutations

You are small and have problems with some larger weapons.
You are somewhat resistant to further mutation.


Message History

You are too injured to fight recklessly!
You are too injured to fight recklessly!
You are too injured to fight recklessly!
You are too injured to fight recklessly!
You are too injured to fight recklessly!
You are too injured to fight recklessly!
You are too injured to fight recklessly!
Firing (i - inventory. (,) - cycle):
f - 140 stones (quivered)
Press: ? - help, Shift-Dir - straight line, f/p - killer bee
Aim: a killer bee (heavily wounded)
You shoot a stone.
The stone closely misses the killer bee.
* * * LOW HITPOINT WARNING * * *
You feel sick.
The killer bee stings you but does no damage.
The killer bee stings you.
* * * LOW HITPOINT WARNING * * *
The killer bee barely misses you. The orc hits you but does no damage.
The killer bee closely misses you.
You die...

.............................
.........(......(...((.......
.............................
.........5...................
..............F..............
.............................
...........((.....##....
.........y((...#####....
.......@.yo....# #....
.........y.......# ##
..................#
....................
..................$.
###.................
###..............
###............


You could see a giant frog, 3 killer bees, a shadow imp and an orc.

Vanquished Creatures
  The ghost of Stormsson the Skirmisher, an average GrBe of Trog (D:5)
  A deep elf mage (D:6)
  Duvessa (D:4)
  2 phantoms (D:6)
  An orc warrior (D:7)
  2 centaurs
  An ice beast (D:5)
  An ogre (D:5)
  Blork the orc (D:6)
  A big kobold (D:6)
  Dowan (D:5)
  2 killer bees (D:7)
  2 crimson imps
  5 orc priests
  A hound (D:7)
  An iguana (D:5)
  3 worker ants
  3 orc wizards
  2 hound zombies (D:6)
  5 adders
  2 shadow imps
  An ooze (D:5)
  2 worms (D:3)
  5 giant geckos
  30 orcs
  10 goblins
  7 hobgoblins
  10 jackals
  7 kobolds
  5 quokkas
  3 ball pythons
  8 bats
  5 giant cockroaches
  5 giant newts
  9 rats
146 creatures vanquished.

Notes
Turn   | Place    | Note
--------------------------------------------------------------
     0 | D:1      | Ijustatesigmund the Halfling Hunter began the quest for the Orb.
     0 | D:1      | Reached XP level 1. HP: 14/14 MP: 1/1
   121 | D:1      | Reached skill level 6 in Slings
   211 | D:1      | Reached XP level 2. HP: 19/19 MP: 2/2
   706 | D:1      | Reached XP level 3. HP: 21/24 MP: 3/3
   891 | D:1      | Reached skill level 1 in Short Blades
  1383 | D:2      | Reached XP level 4. HP: 29/29 MP: 4/4
  2128 | D:3      | Reached skill level 7 in Slings
  2128 | D:3      | Reached XP level 5. HP: 34/34 MP: 5/5
  2398 | D:3      | HP: 1/34 [orc/enchanted dagger (3)]
  3066 | D:4      | Reached XP level 6. HP: 39/39 MP: 6/6
  3155 | D:4      | Found a staircase to the Ecumenical Temple.
  3305 | Temple   | Entered the Ecumenical Temple
  3558 | D:4      | Found a deep blue altar of Sif Muna.
  3960 | D:5      | Entered Level 5 of the Dungeon
  3976 | D:5      | Reached skill level 8 in Slings
  3977 | D:5      | Noticed an ice beast
  3980 | D:5      | Killed an ice beast
  3980 | D:5      | Reached XP level 7. HP: 44/44 MP: 7/7
  4013 | D:5      | Noticed Stormsson's ghost (average GrBe)
  4036 | D:5      | Killed Stormsson's ghost
  4036 | D:5      | Reached skill level 5 in Short Blades
  4036 | D:5      | Reached skill level 5 in Stealth
  4143 | D:5      | Reached skill level 9 in Slings
  4355 | D:5      | Reached XP level 8. HP: 49/49 MP: 8/8
  4828 | D:5      | Noticed Dowan
  4840 | D:5      | Killed Dowan
  4842 | D:5      | Noticed Duvessa
  5179 | D:4      | Killed Duvessa
  5521 | D:6      | Noticed Blork the orc
  5543 | D:6      | Killed Blork the orc
  5809 | D:6      | Reached skill level 10 in Slings
  5944 | D:6      | Reached XP level 9. HP: 54/54 MP: 9/9
  6203 | D:6      | Found a shattered altar of Ashenzari.
  6430 | D:6      | Found a shadowy altar of Dithmenos.
  6521 | D:7      | Found a blossoming altar of Fedhas.
  6647 | D:6      | Found an opulent altar of Gozag.
  6663 | D:6      | Became a worshipper of Dithmenos the Shadowed
  6728 | D:7      | Reached skill level 5 in Dodging
  6737 | D:7      | HP: 2/58 [killer bee (4)]
  6738 | D:7      | Succumbed to a killer bee's poison

Vault maps used:
D:1:      dpeg_arrival_oval, minmay_misc_feat_columns
D:3:      lightli_corner_chamber
D:4:      lemuel_coloured_pillars_altar, minmay_temple_entry_trees, first_bread
D:5:      dk_vineyard_2, minmay_crystal_water, uniq_duvessa
D:6:      nicolae_overflow_hidden_temple, basic_altar, uniq_blork_the_orc
D:7:      overflow_temple_1_default
Temple:   zaba_magenta_temple_12

Action                   |  1- 3 |  4- 6 |  7- 9 || total
-------------------------+-------+-------+-------++-------
Melee: Dagger            |    84 |       |     5 ||    89
       Short sword       |       |       |     2 ||     2
 Fire: Hunting sling     |    64 |   137 |   286 ||   487
  Use: Scroll            |     3 |     4 |     9 ||    16
       Potion            |       |     1 |     1 ||     2
 Stab: Sleeping          |     1 |       |     1 ||     2
  Eat: Chunk             |     1 |     7 |     6 ||    14
       Beef jerky        |       |     1 |       ||     1
       Fruit             |       |       |     2 ||     2
